 Dungeon Crawl Stone Soup version 0.16.3-4-gc506b73efe (webtiles) character file.

452 KristoblXynda the Chopper (level 6, -6/52 HPs)
             Began as a Draconian Gladiator on Nov 4, 2021.
             Mangled by a wight
             ... wielding a +1 war axe
              (13 damage)
             ... on level 4 of the Dungeon.
             The game lasted 00:04:58 (3480 turns).

KristoblXynda the Chopper (Draconian Gladiator)     Turns: 3480, Time: 00:04:58

Health: -6/52      AC: 10    Str: 20      XL:     6   Next: 75%
Magic:  6/6        EV: 13    Int:  9 (10) God:
Gold:   85         SH:  0    Dex: 11      Spells: 0 memorised, 5 levels left

rFire  . . .     SeeInvis .     a - +0 war axe
rCold  . . .     Clarity  +     (armour unavailable)
rNeg   . . .     SustAb   .     (no shield)
rPois  .         Gourm    .     c - +0 hat
rElec  .         Spirit   .     (no cloak)
rCorr  .         Warding  .     m - +0 pair of gloves
rMut   .         Stasis   .     w - +2 pair of boots
MR     .....                    v - amulet of clarity
Stlth  +.........               (no ring)
                                (no ring)

@: drained, not resistant to hostile enchantments, very unstealthy
A: unfitting armour, deterioration 1, slow healing 1, strong 1, cold-blooded, AC
+6
a: no special abilities


You were on level 4 of the Dungeon.
You were hungry.

You visited 1 branch of the dungeon, and saw 4 of its levels.

You collected 85 gold pieces.

Inventory:

Hand weapons
 a - a +0 war axe (weapon)
Missiles
 d - 3 throwing nets (quivered)
Armour
 c - a +0 hat (worn)
 m - a +0 pair of gloves (worn)
 w - a +2 pair of boots (worn)
Jewellery
 v - an amulet of clarity (around neck)
Scrolls
 b - 3 scrolls of remove curse
 e - a scroll of fog {unknown}
 g - a scroll of identify
 i - a scroll of amnesia {unknown}
 k - 3 scrolls of teleportation
 l - a scroll of blinking {unknown}
 q - a scroll of enchant weapon {unknown}
 r - 2 scrolls of enchant armour {unknown}
Potions
 h - a potion of cancellation
 p - a potion of resistance
 s - a potion of agility {unknown}
 t - 2 potions of heal wounds {unknown}
 u - a potion of curing
Comestibles
 f - 2 bread rations
 j - a meat ration
 n - 2 beef jerkies
 o - 2 slices of pizza


   Skills:
 + Level 4.2(3.6) Fighting
 * Level 5.8(5.1) Axes
 - Level 2.0(1.4) Throwing
 + Level 4.0(3.4) Dodging


You had 5 spell levels left.
You didn't know any spells.

Dungeon Overview and Level Annotations

Branches:
Dungeon (4/15)
 Temple: D:4-7

Altars:
Kikubaaqudgha


Innate Abilities, Weirdness & Mutations

Your plain brown scales are hard (AC +6).
Your body does not fit into most forms of armour.
Your cold-blooded metabolism reacts poorly to cold.
Your body is slowly deteriorating.
You heal slowly when monsters are visible.
Your muscles are strong. (Str +2)


Message History

You barely miss the wight.
Your tail-slap misses the wight.
The wight barely misses you.
You closely miss the wight. You tail-slap the wight.
The wight is moderately damaged.
The wight hits you with an enchanted war axe!
You feel drained.
You barely miss the wight.
The wight is moderately damaged.
The wight hits you with an enchanted war axe!
* * * LOW HITPOINT WARNING * * *
You feel drained.
* * * LOW HITPOINT WARNING * * *
You closely miss the wight.
You tail-slap the wight, but do no damage.
The wight is moderately damaged.
The wight misses you.
You hit the wight but do no damage.
The wight is moderately damaged.
The wight hits you with an enchanted war axe!
You die...

...........##..#...+
#.##......<....#...#
#.##...........'...#'#
'..........##..#...#.
#.##.......##>.#...' .
#.##...........#...#'#
#..............#...#.##.
#.##...........z)..'..'.'
#.##...###+## .#@..#'##'
#..#...##..##..#......#.#
+..#)†.#.......+......'..
#..#...'.......#......#?#
#..#[..##'###..##'#...#
...+...##..##..##.#...#....
. #.......##..##.'(..'....
#..............#...#'##.
#...........##.#......#


You could see a wight.

Vanquished Creatures
  3 wights (D:4)
  A crimson imp (D:4)
  An orc priest (D:3)
  A giant frog skeleton (D:4)
  3 worker ants
  4 adders
  8 worms
  3 giant geckos (D:1)
  4 orcs
  3 giant cockroaches
  12 goblins
  9 hobgoblins
  11 jackals
  4 oozes
  2 quokkas (D:2)
  6 bats
  11 giant newts
  10 kobolds
  5 rats
101 creatures vanquished.

Notes
Turn   | Place    | Note
--------------------------------------------------------------
     0 | D:1      | KristoblXynda, the Draconian Gladiator, began the quest for the Orb.
     0 | D:1      | Reached XP level 1. HP: 17/17 MP: 1/1
    79 | D:1      | Reached XP level 2. HP: 9/25 MP: 2/2
   489 | D:1      | Reached XP level 3. HP: 21/30 MP: 3/3
  1227 | D:2      | Reached skill level 4 in Axes
  1427 | D:2      | Reached XP level 4. HP: 33/38 MP: 4/4
  2078 | D:3      | Reached XP level 5. HP: 41/45 MP: 5/5
  2264 | D:3      | Gained mutation: You heal slowly when monsters are visible. [potion of mutation]
  2264 | D:3      | Gained mutation: Your body is slowly deteriorating. [potion of mutation]
  2264 | D:3      | Gained mutation: Your muscles are strong. (Str +2) [potion of mutation]
  2788 | D:3      | Found an ancient bone altar of Kikubaaqudgha.
  2824 | D:3      | Reached skill level 5 in Axes
  3255 | D:4      | Reached XP level 6. HP: 38/52 MP: 6/6
  3480 | D:4      | Mangled by a wight

Action                   |  1- 3 |  4- 6 || total
-------------------------+-------+-------++-------
Melee: War axe           |   129 |   154 ||   283
  Use: Scroll            |     3 |     2 ||     5
       Potion            |       |     5 ||     5
  Eat: Chunk             |     1 |     7 ||     8
